 Dungeon Crawl Stone Soup version 0.7.1-24-ga64cc90 character file.

1074 Dieanna the Cudgeler (level 7, -2/51 HPs)
             Began as a Demonspawn Chaos Knight on Aug 30, 2010.
             Was a Priest of Lugonu.
             Slain by an orc warrior
             ... wielding a -1,+1 orcish hand axe
              (15 damage)
             ... on Level 6 of the Dungeon.
             The game lasted 01:05:36 (7154 turns).

Dieanna the Cudgeler (Demonspawn Chaos Knight)      Turns: 7154, Time: 01:05:36

HP  -2/51        AC  7     Str 14 Exp: 7/1099 (0), need: 516
MP   0/12        EV 13     Int 13      God: Lugonu [***...]
Gold 305         SH 11     Dex 13      Spells:  0 memorised,  6 levels left

Res.Fire  : . . .   See Invis. : .   a - +2,+3 mace
Res.Cold  : . . .   Warding    : .   o - +2 leather armour
Life Prot.: . . .   Conserve   : .   E - +0 dwarf buckler
Res.Poison: .       Res.Corr.  : .   (helmet restricted)
Res.Elec. : .       Clarity    : .   v - +0 cloak Spirit.Shd: . Stasis : .
                                     J - +0 pair of gauntlets
Sust.Abil.: . .     Rnd.Telep. : .   (no boots)
Res.Mut.  : .       Ctrl.Telep.: .   (no amulet)
Res.Rott. : .       Levitation : .   (no ring)
Saprovore : . . .   Ctrl.Flight: .   (no ring)

@: slightly resistant to hostile enchantments, unstealthy
A: claws 1, horns 1, talons 2, sense surroundings 1, EV +2
a: Depart the Abyss, Bend Space, Banish, Renounce Religion


You were on level 6 of the Dungeon.
You worshipped Lugonu.
Lugonu was greatly pleased with you.
You were very hungry.

You visited 1 branch of the dungeon, and saw 7 of its levels.
You visited the Abyss 1 time.

You collected 334 gold pieces.
You spent 49 gold pieces at shops.

Inventory:

Hand weapons
 a - a +2,+3 mace (weapon)
 j - a +0,+0 dagger (quivered)
Armour
 b - a +0 leather armour
 f - a +0 robe
 o - a +2 leather armour (worn)
 v - a +0 cloak (worn)
 E - a +0 dwarven buckler (worn)
 I - a +2 chain mail of positive energy
 J - a +0 pair of gauntlets (worn)
Magical devices
 s - a wand of lightning (0)
 B - a wand of random effects (4)
Comestibles
 c - 2 bread rations
 y - a meat ration
 C - a pear
 L - 3 chunks of orc flesh
Scrolls
 e - 2 scrolls of random uselessness {unknown}
 k - 2 scrolls of curse weapon {unknown}
 m - 4 scrolls of identify
 n - a scroll of paper
 r - 3 scrolls of remove curse
 u - 2 scrolls of detect curse
 w - a scroll of fog
 z - a scroll of blinking {unknown}
 D - 2 scrolls of enchant weapon II
Jewellery
 h - an uncursed ring of protection from fire {unknown}
 l - an uncursed ring of levitation {unknown}
 q - a cursed ring of teleportation {unknown}
 x - a +4 ring of dexterity {unknown}
Potions
 d - 2 potions of healing
 g - a potion of porridge {unknown}
 i - a potion of agility {unknown}
 p - 3 potions of heal wounds {unknown}
 t - 3 potions of restore abilities {unknown}
 A - 2 potions of degeneration {unknown}
 G - a potion of slowing {unknown}
 H - a potion of paralysis {unknown}
 K - a potion of resistance {unknown} You had 0 experience left.


   Skills:
 + Level 4 Fighting
 + Level 5 Maces & Flails
 + Level 2 Armour
 + Level 3 Dodging
 + Level 2 Unarmed Combat
 + Level 5 Invocations


You had 6 spell levels left.
You didn't know any spells.

Dungeon Overview and Level Annotations

Branches:
Dungeon (7/27)                Orc (0/4) D:6
 Temple: D:4-7

Altars:
Beogh

Shops:
D:4: = D:6: [


Innate Abilities, Weirdness & Mutations

You have sharp fingernails.
You have a pair of small horns on your head.
You have razor-sharp toenails.
You are surrounded by a mild repulsion field (EV +2).
You passively map a small area around you.


Message History

The orc warrior hits you with an orcish hand axe.
Use which ability? (? or * to list) Space bends around you!
You blink.
* * * LOW HITPOINT WARNING * * *
You feel slightly more hungry.
The orc warrior hits you with an orcish hand axe!
You die...

* *, #.#.......<.^.#
*,* ,#.#.######.##.#
* , #.#.# #.##### ,*
# # #.#.#**###......
#.#.#.#.# ,.........
, ...#.#.#
*######### * *
...#.# .......... *
*,###.#.#........)..
* ,
,#@%...s........o..
,
*,#o####8'8#####8o8#
* ** ##..#,
....8...... * * *
,#####,............
* * ..}.._..o... * ,
.......o.... ,
.....>...... , *
############ ,, ,, ,


You could see an orc warrior and a giant mite.

Vanquished Creatures
  An ogre (D:6)
  A centaur (D:5)
  A big kobold zombie (D:6)
  Crazy Yiuf (D:4)
  3 orc priests
  A hound (D:5)
  3 scorpions (D:4)
  2 orc wizards
  4 giant ants
  4 snakes
  2 giant mites (D:4)
  5 worms
  A giant bat zombie (D:5)
  3 giant geckos
  3 oozes
  14 giant bats
  7 giant cockroaches
  4 goblins
  9 hobgoblins
  13 jackals
  16 kobolds
  20 orcs
  A quokka (D:4)
  2 small snakes
  5 giant newts
  A kobold skeleton (D:6)
  9 rats
  3 toadstools
139 creatures vanquished.

Vanquished Creatures (others)
  A goblin (D:3)
  A jackal (D:4)
  3 fungi (D:4)
  2 toadstools (D:2)
7 creatures vanquished.

Grand Total: 146 creatures vanquished

Notes
Turn   | Place    | Note
--------------------------------------------------------------
     0 | Abyss    | Dieanna, the Demonspawn Chaos Knight, began the quest for the Orb.
     0 | Abyss    | Reached XP level 1. HP: 13/13 MP: 1/1
    43 | D:1      | You pass through the gate.
   553 | D:1      | Acquired Lugonu's first power
   553 | D:1      | Gained mutation: You have a pair of small horns on your head.
   553 | D:1      | Reached XP level 2. HP: 19/19 MP: 2/3
   769 | D:1      | Reached skill 1 in Dodging
  1187 | D:2      | Gained mutation: You have sharp fingernails.
  1187 | D:2      | Reached XP level 3. HP: 25/25 MP: 4/4
  2359 | D:3      | Gained mutation: You passively map a small area around you.
  2359 | D:3      | Gained mutation: You have sharp toenails.
  2359 | D:3      | Reached XP level 4. HP: 7/31 MP: 5/6
  2624 | D:3      | Acquired Lugonu's second power
  3804 | D:4      | Gained mutation: You have razor-sharp toenails.
  3804 | D:4      | Reached XP level 5. HP: 38/38 MP: 7/7
  4214 | D:4      | Found Saul's Jewellery Emporium.
  4493 | D:4      | Noticed Crazy Yiuf
  4496 | D:4      | Defeated Crazy Yiuf
  4705 | D:4      | Reached skill 4 in Maces & Flails
  4936 | D:4      | Reached XP level 6. HP: 29/43 MP: 9/10
  5062 | D:4      | Acquired Lugonu's third power
  5393 | D:5      | Entered Level 5 of the Dungeon
  5964 | D:5      | Noticed Menkaure
  6214 | D:5      | Reached skill 1 in Unarmed Combat
  6851 | D:6      | Gained mutation: You are surrounded by a mild repulsion field (EV +2).
  6851 | D:6      | Reached XP level 7. HP: 34/51 MP: 4/11
  6876 | D:6      | Reached skill 5 in Maces & Flails
  6911 | D:6      | Found Ykiw Kli's Armour Emporium.
  6917 | D:6      | Bought a +0 dwarven buckler for 49 gold pieces
  7126 | D:6      | Found a roughly hewn altar of Beogh.
  7130 | D:6      | Found a staircase to the Orcish Mines.
  7130 | D:6      | Reached skill 5 in Invocations
  7154 | D:6      | Slain by an orc warrior
